 Dungeon Crawl Stone Soup version 0.31.0-11-ge490571c62 (webtiles) character file.

Game seed: 6374401693527077560

86 jasper the Sneak (level 4, 0/49 HPs)
             Began as an Armataur Enchanter on Jan 28, 2024.
             Killed from afar by an orc wizard (3 damage)
             ... with a magic dart
             ... on level 3 of the Dungeon.
             The game lasted 00:05:48 (1741 turns).

jasper the Sneak (Armataur Enchanter)               Turns: 1741, Time: 00:05:48

Health: 0/49       AC:  4    Str: 13    XL:     4   Next: 26%
Magic:  6/6        EV:  9    Int: 18    God:
Gold:   143        SH:  0    Dex: 10    Spells: 4/6 levels left

rFire   . . .        a - +1 dagger
rCold   . . .        (no shield)
rNeg    . . .        b - +0 robe
rPois   .            (no helmet)
rElec   .            (no cloak)
rCorr   .            (no gloves)
SInv    .            (no barding)
Will    .....        (no amulet) Stlth
                     (no ring)
HPRegen 0.28/turn    (no ring)
MPRegen 0.10/turn

%: roll
@: mighty, berserking (expiring), very quick
A: large, deformed body, tough skin 3, armoured tail, roll 1
a: no special abilities


You were on level 3 of the Dungeon.
You visited 1 branch of the dungeon, and saw 3 of its levels.

You collected 143 gold pieces.

Inventory:

Hand Weapons
 a - a +1 dagger (weapon)
 l - a +0 short sword
Missiles
 i - 26 stones
Armour
 b - a +0 robe (worn)
Scrolls
 g - a scroll of torment
Potions
 c - a potion of invisibility
 d - a potion of ambrosia {unknown}
 h - 4 potions of lignification
 m - 2 potions of might
 o - a potion of heal wounds {unknown}


   Skills:
 - Level 0.8 Short Blades
 - Level 1.3 Dodging
 - Level 4.1 Stealth
 - Level 1.7 Spellcasting
 + Level 3.6 Hexes
 - Level 2.0 Ice Magic


You had 4 spell levels left.
You knew the following spells:

 Your Spells              Type           Power      Damage    Failure   Level
a - Ensorcelled Hibernat  Hex/Ice        22%        N/A       9%          2

Your spell library contained the following spells:

 Spells                   Type           Power      Damage    Failure   Level
 Confusing Touch          Hex            14%        N/A       13%         3
 Tukima's Dance           Hex            14%        N/A       13%         3
 Dazzling Flash           Conj/Hex       16%        N/A       26%         3


Dungeon Overview and Level Annotations

Branches:
Dungeon (3/15)

Altars:


Innate Abilities, Weirdness & Mutations

Armour fits poorly on your strangely shaped body.
You have extremely tough skin. (AC +3)
You have a long armoured tail.
You regenerate magic when rolling toward enemies. (Rampage MPRegen)


Message History

It was a potion of might.
You feel very mighty all of a sudden. Something hits you but does no damage.
It was a potion of berserk rage.
A red film seems to cover your vision as you go berserk!
You feel yourself moving faster!
You feel mighty! Something hits you but does no damage.
You bump into the rock wall.
You feel a strong urge to attack something.
You feel less confused. Something hits you.
* * * LOW HITPOINT WARNING * * *
You miss something. Something hits you but does no damage.
You barely miss something. You miss something. Something hits you.
* * * LOW HITPOINT WARNING * * *
You barely miss something. You puncture something!
Reactivating autopickup.
You feel a bit more experienced.
Training target 2.0 for Ice Magic reached!
Your Ice Magic skill increases to level 2!
You have reached level 4!
You feel clever.
Deactivating autopickup; reactivate with Ctrl-A.
You closely miss something. You hit something. Something hits you.
* * * LOW HITPOINT WARNING * * *
You miss something. Something completely misses you.
You closely miss something.
Your tail-slap misses something.
You barely miss something.
Your tail-slap misses something.
Something hits you but does no damage.
You miss something. Something hits you.
* * * LOW HITPOINT WARNING * * *
You barely miss something.
Your tail-slap misses something.
You hit something.
You hear some strange, mumbled words.
A magic dart appears from out of thin air!
The magic dart hits you.
You die...

## #.#....####.# #
####.#.##<# ###
#.#.#### ...#+##
#...# ......#
###.######### ......#
#.#.......# ##....#
#...#####.#
......#############.#
...............{@...#
......###############
......# ..###.# . #..
###


There were no monsters in sight!

Vanquished Creatures
  An orc wizard (D:3)
  An adder (D:2)
  2 dart slugs (D:1)
  A ribbon worm (D:2)
  2 orcs (D:3)
  5 bats
  6 endoplasms
  5 giant cockroaches
  4 goblins
  5 hobgoblins
  4 ball pythons
  3 frilled lizards
  2 kobolds
  A rat (D:2)
42 creatures vanquished.

Notes
Turn   | Place    | Note
-------+----------+-------------------------------------------
     0 | D:1      | jasper the Armataur Enchanter began the quest for the Orb.
     0 | D:1      | Reached XP level 1. HP: 14/14 MP: 3/3
   140 | D:1      | Reached skill level 4 in Stealth
   164 | D:1      | Reached XP level 2. HP: 20/20 MP: 4/4
   169 | D:1      | Learned a level 2 spell: Ensorcelled Hibernation
   474 | D:2      | Reached skill level 1 in Ice Magic
   636 | D:2      | Reached XP level 3. HP: 26/26 MP: 2/5
  1734 | D:3      | Reached XP level 4. HP: 4/33 MP: 6/6
  1739 | D:3      | HP: 2/49 [something (2)]
  1741 | D:3      | Killed from afar by an orc wizard

Illustrated notes

Levels and vault maps discovered:
D:1:      nagdon_arrival_double_spiral, layout_basic, minmay_tetromino_o4
D:2:      layout_loops_corners, amcnicky_mini_rare_corridor_liquid
D:3:      layout_basic, mainiacjoe_overflow_six_doors_small, serial_glass,
          glass_columns_c, glass_columns_a, minmay_strange_pillars,
          due_unseen_surprise, minmay_strange_pillars, hellmonk_no_cap

Skill      XL: |  1  2  3 |
---------------+----------+-----
Stealth        | 4 |  4.1
Hexes          | 3 |  3.6
Ice Magic      | 1 2 |  2.0
Short Blades   | |  0.8
Dodging        | |  1.3
Spellcasting   | |  1.7

Action                     |  1- 3 |  4- 6 || total
---------------------------+-------+-------++-------
  Melee: Dagger            |   110 |     8 ||   118
         Tailslap          |    10 |       ||    10
   Cast: Ensorcelled Hiber |    15 |       ||    15
    Use: Scroll            |     6 |       ||     6
         Potion            |     3 |       ||     3
   Stab: Sleeping          |    24 |       ||    24
 Armour: Robe              |    64 |     4 ||    68
  Dodge: Dodged            |    33 |     1 ||    34
